 Dungeon Crawl Stone Soup version 0.25.0-9-g26727b6 (webtiles) character file.

Game seed: 1337227332799210179

41 Exaltedone87 the Stinger (level 3, -1/28 HPs)
             Began as a Naga Venom Mage on June 16, 2020.
             Slain by a gnoll
             ... wielding a +0 halberd
              (15 damage)
             ... on level 2 of the Dungeon.
             The game lasted 00:07:53 (1261 turns).

Exaltedone87 the Stinger (Naga Venom Mage)          Turns: 1261, Time: 00:07:53

Health: -1/28      AC:  5    Str: 10    XL:     3   Next: 52%
Magic:  2/6        EV: 10    Int: 16    God:
Gold:   102        SH:  0    Dex: 11    Spells: 3/6 levels left

rFire    . . .     SeeInvis +   h - +0 dagger
rCold    . . .     Gourm    .   (no shield)
rNeg     . . .     Faith    .   a - +0 robe
rPois    +         Spirit   .   (no helmet)
rElec    .         Reflect  .   i - +2 cloak
rCorr    .         Harm     .   (no gloves)
MR       .....                  (no barding)
Stlth    ++........             (no amulet)
HPRegen  0.09/turn              (no ring)
MPRegen  0.10/turn              (no ring)

@: very slow
A: large, see invisible, deformed body, poison resistance, slowness 2, slow
metabolism 1, spit poison 1, AC +1
a: Spit Poison


You were on level 2 of the Dungeon.
You were not hungry.

You visited 1 branch of the dungeon, and saw 2 of its levels.

You collected 102 gold pieces.

Inventory:

Hand Weapons
 h - a +0 dagger (weapon)
Armour
 a - a +0 robe (worn)
 i - a +2 cloak (worn)
Jewellery
 e - an uncursed amulet of faith {unknown}
Potions
 f - a potion of curing {unknown}
 g - a potion of stabbing {unknown}
Comestibles
 b - 2 chunks of flesh
 c - a ration


   Skills:
 + Level 1.9 Dodging
 + Level 3.4 Stealth
 + Level 2.3 Spellcasting
 + Level 1.5 Transmutations
 * Level 4.7 Poison Magic


You had 3 spell levels left.
You knew the following spells:

 Your Spells              Type           Power        Failure   Level  Hunger
a - Sting                 Tmut/Pois      ##..         5%          1    #......
b - Poisonous Vapours     Pois/Air       #.....       12%         2    ###....

Your spell library contained the following spells:

 Spells                   Type           Power        Failure   Level  Hunger
 Ignite Poison            Fire/Tmut/Pois #.......     26%         3    ###....
 Mephitic Cloud           Conj/Pois/Air  #.......     32%         3    ###....
 Olgreb's Toxic Radiance  Pois           ###.....     28%         4    #####..


Dungeon Overview and Level Annotations

Branches:
Dungeon (2/15)

Altars:


Innate Abilities, Weirdness & Mutations

You cannot wear boots.
Your serpentine skin is tough. (AC +1)
You have supernaturally acute eyesight. (SInv)
Armour fits poorly on your strangely shaped body.
Your system is resistant to poisons. (rPois)
You cover ground very slowly.
You have a slow metabolism.
You can spit poison.


Message History

Aiming: Sting (safe; 5% risk of failure)
Press: ? - help, Shift-Dir - straight line, f - gnoll
Aim: a gnoll, wielding a +0 halberd The sting hits the gnoll but does no damage.
The gnoll is poisoned.
The gnoll hits you but does no damage. The gnoll misses you.
Found 21 stones.
The gnoll looks more healthy.
The gnoll hits you from afar with a +0 halberd.
Casting: Sting (safe; 5% risk of failure)
Confirm with . or Enter, or press ? or * to list all spells.
Aiming: Sting (safe; 5% risk of failure)
Press: ? - help, Shift-Dir - straight line, f/p - gnoll
Aim: a gnoll, wielding a +0 halberd (moderately wounded)
The sting hits the gnoll.
The gnoll is poisoned.
The gnoll is severely wounded.
The gnoll hits you from afar with a +0 halberd!
The gnoll hits you with a +0 halberd!
Ouch! That really hurt!
You die...

#............#...........
##............#...........
#.........÷..##'####......
#.....÷..........# ......
#......<.........# ......
#................# .....
#............#...# .....
#.....#...g##........
#.....#..@.##.........
#..........##.........
#.#........##.........
#.#........##.....##.#
#........##...... ..
#...((...# #........#
..........# #.........#


You could see a gnoll (poisoned).

Vanquished Creatures
  A gnoll (D:2)
  2 dart slugs (D:1)
  2 giant cockroaches (D:1)
  A goblin (D:1)
  4 hobgoblins (D:1)
  2 kobolds (D:1)
  A quokka (D:2)
  5 bats
  A frilled lizard (D:1)
  9 rats
28 creatures vanquished.

Notes
Turn   | Place    | Note
-------+----------+-------------------------------------------
     0 | D:1      | Exaltedone87 the Naga Venom Mage began the quest for the
                  | Orb.
     0 | D:1      | Reached XP level 1. HP: 15/15 MP: 3/3
   177 | D:1      | Reached XP level 2. HP: 22/22 MP: 5/5
   609 | D:1      | Reached XP level 3. HP: 9/28 MP: 3/6
  1216 | D:2      | Learned a level 2 spell: Poisonous Vapours
  1261 | D:2      | Slain by a gnoll

Illustrated notes

Levels and vault maps discovered:
D:1:      minmay_arrival_hallway, layout_loops_ring
D:2:      layout_basic, nicolae_ru_sacrificial_ziggurat

Action                   || total
-------------------------++-------
Melee: Unarmed           ||     3
       Dagger            ||    30
 Cast: Sting             ||    32
       Poisonous Vapours ||     1
 Abil: Spit Poison       ||     3
  Use: Scroll            ||     1
 Stab: Sleeping          ||     1
  Eat: Chunk             ||     1
Armor: Robe              ||    20
Dodge: Dodged            ||    25
